 Dungeon Crawl Stone Soup version 0.29.1 (webtiles) character file.

Game seed: 11555431413371544072

367 qw the Chopper (level 6, 0/38 HPs)
             Began as a Gargoyle Fighter on Sept 13, 2022.
             Slain by Pikel
             ... wielding a +0 whip of flaming
              (3 damage)
             ... on level 4 of the Dungeon.
             The game lasted 00:01:24 (3880 turns).

qw the Chopper (Gargoyle Fighter)                   Turns: 3880, Time: 00:01:24

Health: 0/38       AC: 17    Str: 22      XL:     6   Next: 69%
Magic:  6/6        EV:  6    Int:  8      God:
Gold:   196        SH:  4    Dex:  7 (9)  Spells: 5/5 levels left

rFire   . . .      SeeInvis .   Y - +0 war axe
rCold   . . .      Faith    .   c - +0 buckler
rNeg    + . .      Spirit   .   p - +0 plate armour
rPois   inf        Reflect  .   (no helmet)
rElec   +          Harm     .   (no cloak)
rCorr   .          Rampage  .   i - +0 pair of gloves
Will    .....                   (no boots)
Stlth   ..........              (no amulet)
HPRegen 0.12/turn               (no ring)
MPRegen 0.10/turn               (no ring)

@: no status effects
A: sickness immunity, AC +4, negative energy resistance 1, electricity
resistance, torment resistance 1, petrification resistance
a: no special abilities


You were on level 4 of the Dungeon.
You visited 1 branch of the dungeon, and saw 4 of its levels.

You collected 196 gold pieces.


Innate Abilities, Weirdness & Mutations

You are immune to sickness and miasma.
Your stone body is resilient. (AC +4)
You are immune to poison.
You resist negative energy. (rN+)
You are resistant to electric shocks. (rElec)
You are resistant to unholy torment.
You are immune to petrification.


   Skills:
 - Level 4.2 Fighting
 + Level 5.8 Axes
 - Level 3.2 Armour
 - Level 3.2 Shields


You had 5 spell levels left.
You didn't know any spells.
Your spell library was empty.

Inventory:

Hand Weapons
 n - a +0 flail
 Y - a +0 war axe (weapon)
Armour
 c - a +0 buckler (worn)
 i - a +0 pair of gloves (worn)
 p - a +0 plate armour (worn)
Scrolls
 h - 3 scrolls of blinking
Potions
 a - a potion of resistance {unknown}
 b - a potion of invisibility {unknown}
 d - 2 potions of might
 f - a potion of brilliance {unknown}
 j - a potion of curing {unknown}
 k - a potion of mutation {unknown}
 m - a potion of haste {unknown}

Dungeon Overview and Level Annotations

Branches:
Dungeon (4/15)
 Temple: D:4-7

Altars:
Kikubaaqudgha

Annotations:
D:4 Pikel


Message History

You slash the lemure! You slash Sigmund! You closely miss Pikel.
Pikel hits you but does no damage. The lemure hits you but does no damage.
The gnoll closely misses you. Sigmund barely misses you.
You barely miss the gnoll.
The gnoll is severely wounded.
You closely miss the lemure. You hit Sigmund. You hit Pikel but do no damage.
The lemure hits you but does no damage.
Pikel says, "I touched Geryon's horn once."
Pikel hits you with a +0 whip of flaming!
Pikel burns you.
You closely miss Sigmund.
Sigmund is severely wounded.
You hit Pikel. You completely miss the gnoll. You miss the lemure.
You block Pikel's attack. The lemure barely misses you.
Sigmund casts a spell at you. You resist with some effort.
The gnoll hits you but does no damage. Pikel hits you but does no damage.
The gnoll hits you but does no damage.
Sigmund casts a spell.
Sigmund flickers and vanishes!
Deactivating autopickup; reactivate with Ctrl-A.
The gnoll barely misses you. The lemure barely misses you.
You barely miss the gnoll.
The gnoll is severely wounded.
You hit something. You hit Pikel. You hit the lemure but do no damage.
The lemure hits you but does no damage.
You hear some strange, mumbled words.
A puff of flame appears from out of thin air!
The puff of flame hits you but does no damage.
The gnoll hits you but does no damage. The gnoll closely misses you.
Pikel barely misses you.
You closely miss the gnoll.
The gnoll is severely wounded.
You closely miss Pikel. You hit the lemure but do no damage.
You slash something!
Reactivating autopickup.
You feel a bit more experienced. The lemure hits you but does no damage.
Pikel hits you with a +0 whip of flaming.
Pikel burns you.
You die...

#.### .. #..## #. # ##.#
#. .# #.# ####. ..+ #.#
....#####.# #.## .
#.g.?....### ##...
....#.5#.#.....#####....
.....5)@g.# #..........
...##5K##.# ####.#....#
....5 #.# #.#....#
?.....###.## #......#
###### #.#.# #.#....#
##.## ####......#
###.####.......#.#
########........##.####.#
..(........###..##.# #.#


You could see Pikel, 4 lemures and 2 gnolls.

Vanquished Creatures
  Sigmund (D:4)
  A centaur (D:3)
  A phantom (D:4)
  A scorpion (D:4)
  An orc priest (D:4)
  A gnoll (D:4)
  2 adders (D:4)
  2 worms
  2 dart slugs
  8 orcs
  5 ball pythons
  3 endoplasms
  3 giant cockroaches
  4 goblins
  8 hobgoblins
  6 jackals (D:1)
  9 kobolds
  3 quokkas
  7 bats
  5 frilled lizards (D:1)
  6 rats
79 creatures vanquished.

Notes
Turn   | Place    | Note
-------+----------+-------------------------------------------
     0 | D:1      | qw the Gargoyle Fighter began the quest for the Orb.
     0 | D:1      | Reached XP level 1. HP: 14/14 MP: 1/1
     0 | D:1      | 0 ||| qw: Version: 0.1-a-119-g272c26d
     0 | D:1      | 0 ||| qw: Game counter: 11310
     0 | D:1      | 0 ||| qw: Always use a shield: true
     0 | D:1      | 0 ||| qw: God list: Okawaru
     0 | D:1      | 0 ||| qw: Allow faded altars: false
     0 | D:1      | 0 ||| qw: Do Orc after D:15 true
     0 | D:1      | 0 ||| qw: Do second Lair branch before Depths: true
     0 | D:1      | 0 ||| qw: Lair rune preference: random
     0 | D:1      | 0 ||| qw: Plans: Normal, Zot, God:TSO, Crypt, Tomb, Pan,
                  | Slime, Hells, Zig, Abyss, Orb
     0 | D:1      | 0 ||| PLANNING D:1-11
    43 | D:1      | HP: 3/14 [ball python (3)]
    45 | D:1      | Reached skill level 2 in Axes
   325 | D:1      | Found a faded altar of an unknown god.
   348 | D:1      | Reached XP level 2. HP: 19/19 MP: 2/2
   710 | D:1      | Reached skill level 3 in Axes
   785 | D:1      | Reached XP level 3. HP: 23/23 MP: 3/3
   876 | D:1      | 876 ||| DROPPING +0 club.
  1285 | D:1      | 1285 ||| UPGRADING to +0 pair of gloves.
  1290 | D:1      | 1290 ||| READING scroll labelled FIOTTA SOABA.
  1291 | D:1      | 1291 ||| READING scroll labelled BIVE ZIW MANEU.
  1292 | D:1      | 1292 ||| READING scroll labelled PUDGHUPP GITU.
  1589 | D:2      | Found an ancient bone altar of Kikubaaqudgha.
  1746 | D:2      | 1746 ||| Stepping ~*~*~tactically~*~*~ (stealth).
  2092 | D:2      | Reached XP level 4. HP: 28/28 MP: 4/4
  2121 | D:2      | 2121 ||| DROPPING ring of magical power.
  2122 | D:2      | 2122 ||| READING scroll labelled DIRIET DAL MEPT.
  2123 | D:2      | 2123 ||| READING scroll labelled KESO CARONU.
  2124 | D:2      | 2124 ||| READING 3 scrolls labelled ECWEKL PIHOMIOMM.
  2476 | D:3      | Noticed a centaur
  2477 | D:3      | 2477 ||| Stepping ~*~*~tactically~*~*~ (hiding).
  2487 | D:3      | Killed a centaur
  2488 | D:3      | Reached skill level 4 in Axes
  2488 | D:3      | Reached XP level 5. HP: 22/32 MP: 5/5
  2670 | D:3      | 2670 ||| Stepping ~*~*~tactically~*~*~ (stealth).
  2730 | D:3      | 2730 ||| FLEEEEING.
  2731 | D:3      | 2731 ||| FLEEEEING.
  2732 | D:3      | 2732 ||| FLEEEEING.
  2734 | D:3      | 2734 ||| FLEEEEING.
  2735 | D:3      | 2735 ||| FLEEEEING.
  2736 | D:3      | 2736 ||| FLEEEEING.
  2737 | D:3      | 2737 ||| FLEEEEING.
  2738 | D:3      | 2738 ||| FLEEEEING.
  2741 | D:3      | 2741 ||| FLEEEEING.
  2745 | D:3      | 2745 ||| FLEEEEING.
  2746 | D:3      | 2746 ||| FLEEEEING.
  2747 | D:3      | 2747 ||| FLEEEEING.
  2749 | D:3      | 2749 ||| FLEEEEING.
  2750 | D:3      | 2750 ||| FLEEEEING.
  2751 | D:3      | 2751 ||| FLEEEEING.
  2752 | D:3      | 2752 ||| FLEEEEING.
  2753 | D:3      | 2753 ||| FLEEEEING.
  2754 | D:3      | 2754 ||| FLEEEEING.
  2755 | D:3      | 2755 ||| FLEEEEING.
  2756 | D:3      | 2756 ||| FLEEEEING.
  2757 | D:3      | 2757 ||| FLEEEEING.
  2791 | D:3      | 2791 ||| DROPPING +0 mace.
  2874 | D:3      | 2874 ||| Stepping ~*~*~tactically~*~*~ (stealth).
  2978 | D:3      | 2978 ||| Stepping ~*~*~tactically~*~*~ (stealth).
  2979 | D:3      | 2979 ||| Stepping ~*~*~tactically~*~*~ (stealth).
  2980 | D:3      | 2980 ||| Stepping ~*~*~tactically~*~*~ (stealth).
  3094 | D:3      | 3094 ||| UPGRADING to +0 chain mail.
  3104 | D:3      | 3104 ||| DROPPING +0 scale mail.
  3105 | D:3      | 3105 ||| UPGRADING to +0 plate armour.
  3115 | D:3      | 3115 ||| DROPPING +0 chain mail.
  3116 | D:3      | 3116 ||| DROPPING ring of wizardry.
  3117 | D:3      | 3117 ||| READING scroll labelled AGEP QUNLYUWKAILL.
  3121 | D:3      | 3121 ||| DRINKING 2 orange potions.
  3122 | D:3      | 3122 ||| DROPPING potion of degeneration.
  3138 | D:3      | Reached skill level 5 in Axes
  3153 | D:4      | 3153 ||| Stepping ~*~*~tactically~*~*~ (hiding).
  3165 | D:4      | Reached XP level 6. HP: 33/38 MP: 6/6
  3517 | D:4      | 3517 ||| Stepping ~*~*~tactically~*~*~ (stealth).
  3519 | D:4      | 3519 ||| Stepping ~*~*~tactically~*~*~ (stealth).
  3530 | D:4      | 3530 ||| Stepping ~*~*~tactically~*~*~ (hiding).
  3731 | D:4      | 3731 ||| Stepping ~*~*~tactically~*~*~ (stealth).
  3744 | D:4      | 3744 ||| Stepping ~*~*~tactically~*~*~ (stealth).
  3864 | D:4      | Noticed Sigmund
  3865 | D:4      | 3865 ||| Stepping ~*~*~tactically~*~*~ (hiding).
  3867 | D:4      | Noticed Pikel
  3877 | D:4      | HP: 8/38 [Pikel/+0 whip of flaming (2)]
  3880 | D:4      | Killed Sigmund
  3880 | D:4      | HP: 3/38 [Pikel/+0 whip of flaming (5)]
  3880 | D:4      | Slain by Pikel

Levels and vault maps discovered:
D:1:      doesnt_arrival_eight_statues, layout_loops_ring,
          ebering_ecumenical_altar_ruins
D:2:      layout_loops_ring, basic_altar, kennysheep_generic_room_11
D:3:      layout_loops_ring
D:4:      layout_loops_cross, minmay_temple_entry_enclosed_plants,
          kennysheep_crisscross, uniq_pikel, uniq_sigmund

Skill      XL: |  1  2  3  4  5 |
---------------+----------------+-----
Axes           | 2 3 4 5 |  5.8
Fighting       | 4 |  4.2
Armour         | |  3.2
Shields        | |  3.2

Action                   |  1- 3 |  4- 6 || total
-------------------------+-------+-------++-------
Melee: War axe           |   132 |   139 ||   271
Throw: Boomerang         |    34 |       ||    34
  Use: Scroll            |     3 |     4 ||     7
       Potion            |       |     1 ||     1
Armor: Scale mail        |    93 |    26 ||   119
       Plate armour      |       |    80 ||    80
Dodge: Dodged            |    82 |    62 ||   144
Block: Buckler           |    36 |    28 ||    64

Table legend:
 A = Non-vault XP
 B = Vault XP
 C = Vault XP percentage of total XP
 D = Non-vault monster count
 E = Vault monster count
 F = Vault count percentage of total count
                 A         B        C        D         E       F
            +---------+---------+-------+---------+---------+-------
      Total |     523 |     241 |  31.5 |      77 |       2 |   2.5
            +---------+---------+-------+---------+---------+-------
        D:1 |      55 |       0 |   0.0 |      34 |       0 |   0.0
        D:2 |      26 |       2 |   7.1 |      12 |       1 |   7.7
        D:3 |     144 |       0 |   0.0 |      15 |       0 |   0.0
        D:4 |     298 |     239 |  44.5 |      16 |       1 |   5.9
            +---------+---------+-------+---------+---------+-------
